General information
- name: BNet
- type: Ladder 1vs1/FFA
- host: Battle.net
- saver: Peggy_Hill
map: HurricaneIsle
- players: 4
- length: 28:23
- speed: Fast
- version: 1.24 W3XP
- replay type: Public
» download(112 KB)
Players
team 1 (winner)
Player 1 (
orange | 40 APM | 544 actions | 13:43)
3 Priestess of the Moon
2 Trueshot Aura
1 Scout
1 Keeper of the Grove
1 Entangling Roots
» actions
| Assign group hotkey | 29 | |
| Basic commands | 8 | |
| Build / train | 37 | |
| Enter build submenu | 17 | |
| Enter hero's abilities submenu | 4 | |
| Give item / drop item | 1 | |
| Right click | 198 | |
| Select / deselect | 145 | |
| Select group hotkey | 83 | |
| Use ability | 22 | |
544 total
» units
| Wisp | 15 | |
| Archer | 6 | |
| Goblin Shredder | 1 | |
| Druid of the Claw | 1 | |
| Goblin Zeppelin | 1 | |
24 total
» upgrades
| Strength of the Wild | 2 | |
| Strength of the Moon | 1 | |
| Reinforced Hides | 2 | |
5 total
» buildings
| Hunter's Hall | 1 | |
| Moon Well | 4 | |
| Altar of Elders | 1 | |
| Ancient of War | 1 | |
| Ancient of Wonders | 1 | |
| Tree of Ages | 1 | |
| Tree of Eternity | 1 | |
| Ancient of Wind | 2 | |
| Ancient of Lore | 1 | |
| Tree of Life | 1 | |
| Chimaera Roost | 3 | |
17 total
» build order
01:38 Hunter's Hall
01:42 Moon Well
02:48 Altar of Elders
03:18 Ancient of War
03:35 Moon Well
04:07 Ancient of Wonders
04:40 Moon Well
05:37 Tree of Ages
06:24 Moon Well
08:04 Tree of Eternity
08:26 Ancient of Wind
09:30 Ancient of Lore
10:04 Tree of Life
11:08 Chimaera Roost
11:10 Chimaera Roost
11:15 Chimaera Roost
11:19 Ancient of Wind
team 2 (loser)
Player 2 (
green | 69 APM | 1885 actions | 27:19)
4 Archmage
2 Summon Water Elemental
2 Brilliance Aura
3 Mountain King
2 Storm Bolt
1 Bash
3 Paladin
1 Holy Light
2 Divine Shield
» actions
| Assign group hotkey | 39 | |
| Basic commands | 99 | |
| Build / train | 139 | |
| ESC pressed | 10 | |
| Enter build submenu | 32 | |
| Enter hero's abilities submenu | 10 | |
| Give item / drop item | 5 | |
| Remove unit from queue | 1 | |
| Right click | 463 | |
| Select / deselect | 551 | |
| Select group hotkey | 347 | |
| Use ability | 189 | |
1885 total
» units
| Peasant | 25 | |
| Footman | 3 | |
| Goblin Shredder | 2 | |
| Gryphon Rider | 6 | |
| Goblin Zeppelin | 15 | |
| Flying Machine | 6 | |
| Mortar Team | 1 | |
| Siege Engine | 4 | |
| Dragonhawk Rider | 3 | |
65 total
» upgrades
| Masonry | 1 | |
| Animal War Training | 1 | |
| Barrage | 1 | |
| Armor | 2 | |
| Magic Sentry | 1 | |
6 total
» buildings
| Farm | 11 | |
| Barracks | 1 | |
| Altar of Kings | 1 | |
| Keep | 1 | |
| Arcane Vault | 2 | |
| Town Hall | 3 | |
| Lumber Mill | 1 | |
| Blacksmith | 1 | |
| Castle | 2 | |
| Gryphon Aviary | 2 | |
| Scout Tower | 4 | |
| Workshop | 3 | |
| Guard Tower | 5 | |
| Arcane Sanctum | 2 | |
39 total
» build order
00:49 Farm
00:52 Barracks
00:54 Altar of Kings
01:01 Farm
01:04 Farm
02:48 Keep
03:02 Arcane Vault
03:58 Town Hall
04:10 Lumber Mill
04:14 Blacksmith
05:13 Castle
06:18 Gryphon Aviary
06:25 Scout Tower
06:49 Gryphon Aviary
06:56 Workshop
07:02 Scout Tower
07:06 Guard Tower
07:41 Guard Tower
08:22 Farm
08:25 Farm
09:59 Guard Tower
10:12 Workshop
12:33 Arcane Sanctum
12:34 Arcane Sanctum
13:06 Workshop
14:27 Farm
16:04 Farm
16:24 Town Hall
20:22 Scout Tower
20:24 Scout Tower
20:29 Town Hall
20:56 Farm
20:58 Farm
20:59 Guard Tower
21:44 Farm
22:30 Farm
22:32 Guard Tower
22:41 Arcane Vault
» items
| Lesser Clarity Potion | 6 | |
| Ivory Tower | 14 | |
| Scroll of Regeneration | 4 | |
| Potion of Healing | 4 | |
| Scroll of Town Portal | 2 | |
30 total
team 3 (loser)
Peggy_Hill (
teal | 64 APM | 1804 actions | 28:23)
9 Blademaster
3 Wind Walk
3 Critical Strike
2 Bladestorm
1 Mirror Image
» actions
| Assign group hotkey | 64 | |
| Basic commands | 3 | |
| Build / train | 77 | |
| ESC pressed | 1 | |
| Enter build submenu | 26 | |
| Enter hero's abilities submenu | 9 | |
| Give item / drop item | 5 | |
| Right click | 817 | |
| Select / deselect | 229 | |
| Select group hotkey | 403 | |
| Use ability | 170 | |
1804 total
» units
| Peon | 10 | |
| Troll Batrider | 24 | |
| Goblin Zeppelin | 2 | |
| Goblin Shredder | 1 | |
37 total
» upgrades
| Reinforced Defenses | 1 | |
| Armor | 2 | |
| Liquid Fire | 1 | |
| Ranged Weapons | 1 | |
5 total
» buildings
| Altar of Storms | 1 | |
| Orc Burrow | 6 | |
| Voodoo Lounge | 1 | |
| Stronghold | 3 | |
| War Mill | 1 | |
| Beastiary | 3 | |
| Great Hall | 1 | |
| Fortress | 1 | |
| Watch Tower | 11 | |
28 total
» build order
00:20 Altar of Storms
00:25 Orc Burrow
01:04 Voodoo Lounge
01:52 Orc Burrow
02:36 Stronghold
02:37 Stronghold
03:33 War Mill
04:44 Orc Burrow
05:00 Beastiary
05:00 Beastiary
05:01 Beastiary
05:14 Orc Burrow
05:15 Orc Burrow
05:15 Orc Burrow
06:58 Great Hall
07:01 Fortress
12:05 Watch Tower
12:05 Watch Tower
12:06 Watch Tower
17:42 Watch Tower
17:42 Watch Tower
17:42 Watch Tower
23:15 Watch Tower
23:16 Watch Tower
23:16 Watch Tower
23:16 Watch Tower
23:17 Watch Tower
» items
| Lesser Clarity Potion | 9 | |
| Healing Salve | 5 | |
| Orb of Lightning | 1 | |
| Boots of Speed | 1 | |
| Staff of Teleportation | 1 | |
| Scroll of Town Portal | 1 | |
| Potion of Mana | 1 | |
| Tiny Great Hall | 1 | |
20 total
team 4 (loser)
Player 4 (
purple | 53 APM | 1518 actions | 28:23)
4 Blademaster
3 Wind Walk
1 Critical Strike
2 Tauren Chieftain
1 Endurance Aura
1 Shockwave
1 Shadow Hunter
1 Healing Wave
» actions
| Assign group hotkey | 58 | |
| Basic commands | 38 | |
| Build / train | 111 | |
| Enter build submenu | 23 | |
| Enter hero's abilities submenu | 7 | |
| Give item / drop item | 6 | |
| Right click | 457 | |
| Select / deselect | 339 | |
| Select group hotkey | 313 | |
| Use ability | 166 | |
1518 total
» units
| Peon | 12 | |
| Goblin Shredder | 4 | |
| Troll Batrider | 14 | |
| Goblin Zeppelin | 4 | |
| Raider | 16 | |
| Goblin Sapper | 5 | |
| Wind Rider | 2 | |
| Tauren | 1 | |
58 total
» upgrades
| Liquid Fire | 1 | |
| Ranged Weapons | 2 | |
| Reinforced Defenses | 1 | |
| Armor | 3 | |
| Ensnare | 1 | |
| War Drums Damage Increase | 1 | |
| Melee Weapons | 3 | |
| Pillage | 1 | |
| Envenomed Spears | 1 | |
| Pulverize | 1 | |
| Shaman Training | 1 | |
| Witch Doctor Training | 1 | |
17 total
» buildings
| Altar of Storms | 1 | |
| Orc Burrow | 8 | |
| War Mill | 1 | |
| Voodoo Lounge | 1 | |
| Stronghold | 2 | |
| Watch Tower | 2 | |
| Fortress | 1 | |
| Beastiary | 3 | |
| Great Hall | 1 | |
| Spirit Lodge | 2 | |
| Tauren Totem | 2 | |
24 total
» build order
00:14 Altar of Storms
00:17 Orc Burrow
01:16 War Mill
01:22 Voodoo Lounge
02:51 Stronghold
02:51 Stronghold
03:24 Orc Burrow
03:29 Orc Burrow
04:51 Watch Tower
04:54 Watch Tower
05:14 Fortress
05:16 Beastiary
05:19 Beastiary
05:21 Beastiary
05:32 Orc Burrow
05:43 Great Hall
10:34 Orc Burrow
10:36 Orc Burrow
10:37 Orc Burrow
10:38 Orc Burrow
25:11 Spirit Lodge
25:13 Spirit Lodge
25:16 Tauren Totem
25:17 Tauren Totem
» items
| Healing Salve | 2 | |
| Lesser Clarity Potion | 3 | |
| Scroll of Speed | 3 | |
| Scroll of Town Portal | 3 | |
| Orb of Lightning | 1 | |
| Tiny Great Hall | 2 | |
| Boots of Speed | 1 | |
| Staff of Teleportation | 1 | |
| Potion of Lesser Invulnerability | 1 | |
| Potion of Invisibility | 1 | |
18 total
Chat log
(00:10 / 5) Player 4: a
(00:17 / 6) Peggy_Hill: look at the placement
(00:18 / 6) Peggy_Hill: lol
(00:37 / 6) Peggy_Hill: i havent palyed this map in months
(00:42 / 5) Player 4: me either
(00:47 / 6) Peggy_Hill: well
(00:49 / 6) Peggy_Hill: thats how it always is
(00:56 / 5) Player 4: theres no cars in gears of war
(00:57 / 6) Peggy_Hill: except when i was on my 1500 icon rt massing drive
(01:00 / 5) Player 4: its actually a really shitty game
(01:09 / 5) Player 4: unless you have 2 tvs and 2 xboxes and someone to play it with
(01:11 / 5) Player 4: which micahel does
(01:19 / 6) Peggy_Hill: what do u do together
(01:21 / 6) Peggy_Hill: stick togetehr?
(01:25 / 5) Player 4: yeah
(01:32 / 5) Player 4: you can pick each other up when you fall down
(01:33 / 5) Player 4: literally
(01:40 / 6) Peggy_Hill: sounds like left fordead
(01:59 / 6) Peggy_Hill: theers an xp tome on this island
(02:03 / 6) Peggy_Hill: but i forget which fag has it
(02:09 / 6) Peggy_Hill: i think one of the red murlocs
(02:32 / 6) Peggy_Hill: fuck it im goign for it
(03:18 / 6) Peggy_Hill: elfs a shitnoob
(03:20 / 6) Peggy_Hill: or he was afk or soemthing
(04:02 / 5) Player 4: should we just double bat the hu asap
(04:12 / 6) Peggy_Hill: no i want to bat as much air as i can
(04:19 / 5) Player 4: what if he make tank
(04:26 / 6) Peggy_Hill: then get the zepps
(05:22 / 6) Peggy_Hill: fogot abotu shreder
(05:32 / 6) Peggy_Hill: then again i dont need it yet
(06:00 / 6) Peggy_Hill: i got reveald
(06:34 / 6) Peggy_Hill: im not even towering
(06:37 / 6) Peggy_Hill: gonna count on my bat game
(06:55 / 5) Player 4: aviaries at the hu
(07:07 / 6) Peggy_Hill: damn
(07:17 / 6) Peggy_Hill: o well
(07:33 / 6) Peggy_Hill: stake out ur fag
(08:20 / 6) Peggy_Hill: pay close attention to when he buys a boat
(09:56 / 6) Peggy_Hill: mien is in a boat
(10:01 / 6) Peggy_Hill: shit hie has air
(10:15 / 6) Peggy_Hill: bingo
(11:07 / 6) Peggy_Hill: chasing my bat like a mad nerd
(11:09 / 6) Peggy_Hill: i got his heros over water
(13:36 / 5) Player 4: LOL
(13:38 / 5) Player 4: just got afull boat
(13:46 / 5) Player 4: LOLOLOOLO
(13:48 / 5) Player 4: OOOOOOOOOO
(13:51 / 5) Player 4: 2 levels and a leave
(13:54 / 5) Player 4: real jucie
(13:54 / 6) Peggy_Hill: this guy is determined not to lose anything over water again
(14:26 / 6) Peggy_Hill: copme help stacke this fag out
(16:00 / 6) Peggy_Hill: quick towers
(16:01 / 6) Peggy_Hill: help
(16:01 / 6) Peggy_Hill: fast
(16:03 / 6) Peggy_Hill: kill hisa air
(17:22 / 6) Peggy_Hill: see what hes oding
(17:24 / 6) Peggy_Hill: waht a fag
(17:31 / 5) Player 4: what
(17:36 / 6) Peggy_Hill: forcing one bat to kilol oen gyro
(18:17 / 5) Player 4: im going to do my patented raider teleport to quick hall trick
(18:42 / 6) Peggy_Hill: he is crazy
(18:43 / 6) Peggy_Hill: abotu expoing
(18:51 / 6) Peggy_Hill: all ffaers care about
(18:55 / 6) Peggy_Hill: is getting 5 towered xpox
(19:10 / 6) Peggy_Hill: do your share
(19:11 / 6) Peggy_Hill: of the batting
(19:14 / 6) Peggy_Hill: your bats are idle
(20:39 / 5) Player 4: lolol
(20:44 / 6) Peggy_Hill: do his top expo then
(22:58 / 6) Peggy_Hill: he stopped moving
(23:00 / 6) Peggy_Hill: hisbrain broke
(23:04 / 6) Peggy_Hill: "must tower more expos"
(24:46 / 5) Player 4: that fed him a lot
(24:49 / 5) Player 4: oh well whatever
(24:58 / 6) Peggy_Hill: more towers for him
(25:00 / 6) Peggy_Hill: what a worm
(25:48 / 5) Player 4: ship heading north
(25:51 / 5) Player 4: out of his island
(26:35 / 6) Peggy_Hill: hawks now
(27:03 / All) Peggy_Hill: LOL
(27:18 / All) Player 2: who wins...against map hack
(27:22 / All) Peggy_Hill: BOO HOO
(27:25 / 6) Peggy_Hill: i got his fags
(27:28 / 6) Peggy_Hill: over the water
(27:29 / 6) Peggy_Hill: again
(27:36 / 5) Player 4: sad in the pants
(27:37 / 6) Peggy_Hill: after so much careful finicking
(27:40 / 6) Peggy_Hill: he finally put heros in a boat
(27:41 / 6) Peggy_Hill: again
(27:45 / 6) Peggy_Hill: KABOOM
(27:53 / 6) Peggy_Hill: dirty foreign rat
(27:59 / 5) Player 4: it only took one
(27:59 / 6) Peggy_Hill: no way that guy is from anywhere outside europe
(28:03 / 5) Player 4: to knowck out the elf
(28:14 / 6) Peggy_Hill: i killed one hero with my blade
(28:18 / 6) Peggy_Hill: all my other hero kilsl this game
(28:19 / 6) Peggy_Hill: were boats